 Dungeon Crawl Stone Soup version 0.17-a0-870-gcb215c1 (webtiles) character file.

56 inmateoo the Twirler (level 4, 0/37 HPs)
             Began as a Human Gladiator on Apr 29, 2015.
             Was an Initiate of Ashenzari.
             Slain by Sigmund
             ... wielding a +0 scythe
              (4 damage)
             ... on level 2 of the Dungeon.
             The game lasted 00:02:13 (1504 turns).

inmateoo the Twirler (Human Gladiator)              Turns: 1504, Time: 00:02:13

Health: 0/37       AC:  6    Str: 20    XL:     4   Next: 17%
Magic:  3/3        EV: 13    Int:  9    God:    Ashenzari [......]
Gold:   65         SH:  0    Dex: 14    Spells: 0 memorised, 3 levels left

rFire  . . .     SeeInvis .     a - +0 quarterstaff
rCold  . . .     Clarity  .     k - +1 leather armour (curse)
rNeg   . . .     SustAb   .     (no shield)
rPois  .         Gourm    .     c - +0 helmet
rElec  .         Spirit   .     g - +0 cloak
rCorr  .         Warding  .     (no gloves)
rMut   .         Stasis   .     (no boots)
MR     .....                    (no amulet)
Stlth  +.........               (no ring)
                                (no ring)

@: mighty, not resistant to hostile enchantments, very unstealthy
A: deterioration 1, low mp 1, robust 1, evolution 1
a: Renounce Religion


You were on level 2 of the Dungeon.
You worshipped Ashenzari.
Ashenzari was noncommittal.
You were hungry.

You visited 1 branch of the dungeon, and saw 2 of its levels.

You collected 65 gold pieces.

Inventory:

Hand weapons
 a - a +0 quarterstaff (weapon)
Missiles
 d - 3 throwing nets (quivered)
Armour
 c - a +0 helmet (worn)
 g - a +0 cloak (worn)
 k - a cursed +1 leather armour (worn)
Jewellery
 i - an uncursed ring of fire
 o - an uncursed amulet of rage
Scrolls
 p - a scroll of identify
Potions
 h - a potion of might
 j - a potion of brilliance
Comestibles
 e - 2 bread rations
 f - 2 meat rations


   Skills:
 + Level 2.5 Fighting
 * Level 3.9 Staves
 + Level 2.5 Throwing
 + Level 3.1 Dodging


You had 3 spell levels left.
You didn't know any spells.

Dungeon Overview and Level Annotations

Branches:
Dungeon (2/15)

Altars:
Ashenzari

Annotations:
D:2 Sigmund


Innate Abilities, Weirdness & Mutations

Your body sometimes deteriorates upon taking damage.
Your magical capacity is low (-10% MP).
You are robust (+10% HP).
You evolve.


Message History

No target in view!
No target in view!
You closely miss something.
You hear some strange, mumbled words.
A magic dart appears from out of thin air!
The magic dart hits you!
You barely miss something.
You hear some strange, mumbled words.
A magic dart appears from out of thin air!
The magic dart hits you!
You barely miss something. Something hits you.
Drink which item? (? for menu, Esc to quit)
You feel very mighty all of a sudden. Something hits you!
* * * LOW HITPOINT WARNING * * *
You barely miss something.
You hear some strange, mumbled words.
Something tries to affect you, but you resist.
You barely miss something. Something hits you.
You die...

#.#### ##.....## ##..####
#.##.## ##.....<.## ##.....##
#.#...####.........####...##.##
#........'.........+...........
#.#...####.........####...##.##
#.##.## ##.......## ##.###.#
#.#### ##.....## ### #.# #.#
##...## #.# #.# ##@## ##.# #.#
#{# #..# #>############.# #.##
#.#.........##.## #.#
#.#.#######.#...### #.#
#.................#########.#
###.#######.#...#...........#
#.# #@##.################
#.#######.##.# #..


There were no monsters in sight!

Vanquished Creatures
  2 adders (D:2)
  An ooze (D:2)
  A worm (D:2)
  4 bats
  A giant cockroach (D:2)
  3 hobgoblins
  2 jackals (D:1)
  3 giant newts
  4 goblins
  6 kobolds (D:1)
  7 rats
34 creatures vanquished.

Notes
Turn   | Place    | Note
--------------------------------------------------------------
     0 | D:1      | inmateoo, the Human Gladiator, began the quest for the Orb.
     0 | D:1      | Reached XP level 1. HP: 16/16 MP: 1/1
   180 | D:1      | Reached XP level 2. HP: 22/22 MP: 2/2
   924 | D:2      | Noticed Sigmund
   950 | D:2      | Reached XP level 3. HP: 24/28 MP: 3/3
  1080 | D:2      | Gained mutation: You have an increased reservoir of magic (+10% MP). [potion of mutation]
  1080 | D:2      | Lost mutation: You have an increased reservoir of magic (+10% MP). [potion of mutation]
  1080 | D:2      | Gained mutation: You evolve. [potion of mutation]
  1147 | D:2      | Found a shattered altar of Ashenzari.
  1168 | D:2      | Became a worshipper of Ashenzari the Shackled
  1184 | D:2      | Gained mutation: Your magical capacity is low (-10% MP). [potion of mutation]
  1184 | D:2      | Gained mutation: Your body sometimes deteriorates upon taking damage. [potion of mutation]
  1239 | D:2      | Reached XP level 4. HP: 34/34 MP: 3/3
  1312 | D:2      | Gained mutation: You are robust (+10% HP). [evolution]
  1504 | D:2      | Slain by Sigmund

Action                   |  1- 3 |  4- 6 || total
-------------------------+-------+-------++-------
Melee: Quarterstaff      |    84 |    26 ||   110
  Use: Scroll            |     3 |     5 ||     8
       Potion            |     2 |     1 ||     3
 Stab: Sleeping          |     1 |       ||     1
  Eat: Chunk             |     1 |       ||     1
